 Dungeon Crawl Stone Soup version 0.25.1-1-g288607f5aa (webtiles) character file.

Game seed: 14785255627177597886

38112 Peloso the Fencer (level 13, -10/119 HPs)
             Began as a Minotaur Fighter on July 18, 2020.
             Was a High Priest of Okawaru.
             Killed by divine providence
             ... invoked by a meliai
              (13 damage)
             ... on level 13 of the Dungeon.
             The game lasted 00:43:37 (21236 turns).

Peloso the Fencer (Minotaur Fighter)               Turns: 21236, Time: 00:43:38

Health: -10/119    AC: 30    Str: 27    XL:     13   Next: 62%
Magic:  11/13      EV: 13    Int:  5    God:    Okawaru [*****.]
Gold:   1154       SH: 16    Dex: 12    Spells: 12/12 levels left

rFire    + . .     SeeInvis .   a - +4 scimitar
rCold    . . .     Gourm    .   c - +1 kite shield
rNeg     . . .     Faith    .   y - +4 chain mail {rF+}
rPois    .         Spirit   .   n - +0 hat {MR+}
rElec    .         Reflect  .   h - +1 cloak
rCorr    .         Harm     .   M - +0 pair of gloves {Str+3}
MR       +....                  (no boots)
Stlth    ..........             B - amulet of the acrobat
HPRegen  0.29/turn              g - +4 ring of protection
MPRegen  0.13/turn              S - +4 ring of protection

@: heroism
A: retaliatory headbutt, horns 2
a: Heroism, Finesse, Renounce Religion


You were on level 13 of the Dungeon.
You worshipped Okawaru.
Okawaru was extremely pleased with you.
You were not hungry.

You visited 4 branches of the dungeon, and saw 18 of its levels.
You also visited: Ice Cave and Volcano.

You collected 1154 gold pieces.

Inventory:

Hand Weapons
 a - a +4 scimitar (weapon)
 b - a +1 dagger of protection
 v - a +2 demon whip of flaming
 H - the +5 triple sword of Woyneam {speed, *Slow +Inv rPois rN++}
   (Okawaru gifted it to you on level 11 of the Dungeon)

   Attacks with this weapon are significantly faster.
   It protects you from poison.
   It greatly protects you from negative energy.
   It lets you turn invisible.
   It may slow you when you take damage.
Missiles
 x - 103 bolts
Armour
 c - a +1 kite shield (worn)
 h - a +1 cloak (worn)
 n - a +0 hat of magic resistance (worn)
 y - a +4 chain mail of fire resistance (worn)
 M - a +0 pair of gloves of strength (worn)
Jewellery
 g - a +4 ring of protection (left hand)
 i - an uncursed ring of see invisible
 l - an uncursed ring of positive energy
 o - a +6 ring of intelligence
 B - an amulet of the acrobat (around neck)
 F - an uncursed ring of flight
 I - an uncursed ring of ice
 S - a +4 ring of protection (right hand)
 T - an uncursed ring of stealth
Wands
 z - a wand of acid (17)
 L - a wand of iceblast (25)
 Q - a wand of random effects (13)
 V - a wand of disintegration (18)
Scrolls
 e - a scroll of magic mapping
 j - 3 scrolls of blinking
 k - 2 scrolls of immolation {unknown}
 m - 8 scrolls of teleportation
 q - 3 scrolls of remove curse
 u - 5 scrolls of enchant armour
 A - 3 scrolls of noise {unknown}
 D - 2 scrolls of amnesia {unknown}
 E - 2 scrolls of fog {unknown}
 J - 3 scrolls of random uselessness {unknown}
 P - a scroll of enchant weapon {unknown}
Potions
 d - a potion of might
 p - 4 potions of brilliance
 r - 3 potions of heal wounds
 s - a potion of resistance {unknown}
 t - 2 potions of haste
 w - 3 potions of curing
 C - a potion of invisibility {unknown}
 G - a potion of stabbing {unknown}
 K - a potion of berserk rage {unknown}
 N - 2 potions of flight {unknown}
 O - a potion of experience {unknown}
Miscellaneous
 U - a phantom mirror
Comestibles
 f - 24 rations


   Skills:
 + Level 12.5(17.5) Fighting
 + Level 17.5(22.5) Long Blades
 + Level 0.2(5.2) Maces & Flails
 + Level 12.2(17.2) Armour
 + Level 2.7(7.7) Dodging
 + Level 1.8(6.8) Stealth
 + Level 12.2(17.2) Shields
 + Level 1.6 Invocations
 + Level 1.5 Evocations


You had 12 spell levels left.
You didn't know any spells.
Your spell library contained the following spells:

 Spells                   Type           Power        Failure   Level  Hunger
 Animate Skeleton         Necr           N/A          87%         1    ##.....
 Freeze                   Ice            #...         87%         1    ##.....
 Pain                     Necr           #...         87%         1    ##.....
 Summon Small Mammal      Summ           #...         87%         1    ##.....
 Call Imp                 Summ           #.......     95%         2    ###....
 Call Canine Familiar     Summ           #.......     99%         3    ####...
 Frozen Ramparts          Ice            #.....       99%         3    ####...
 Ozocubu's Armour         Chrm/Ice       #.......     99%         3    ####...
 Summon Guardian Golem    Hex/Summ       #.......     99%         3    ####...
 Vampiric Draining        Necr           #.........   99%         3    ####...
 Animate Dead             Necr           N/A          100%        4    #####..
 Hailstorm                Conj/Ice       #.......     100%        4    #####..
 Ice Form                 Ice/Tmut       #.......     100%        4    #####..
 Summon Ice Beast         Ice/Summ       #.......     100%        4    #####..
 Summon Lightning Spire   Summ/Air       #.......     100%        4    #####..
 Agony                    Necr           #.......     100%        5    ######.
 Metabolic Englaciation   Hex/Ice        #.........   100%        5    ######.
 Freezing Cloud           Conj/Ice/Air   #.........   100%        6    #######
 Ozocubu's Refrigeration  Ice            #.........   100%        6    #######
 Simulacrum               Ice/Necr       #.........   100%        6    #######


Dungeon Overview and Level Annotations

Branches:
Dungeon (13/15)            Temple (1/1) D:5            Lair (3/6) D:10
 Shoals (0/4) Lair:3        Snake (0/4) Lair:3          Orc (1/2) D:9
  IceCv (visited)         Volcano (visited)
 Vaults: D:13-14

Altars:
Ashenzari
Cheibriados
Dithmenos
Elyvilon
Fedhas
Gozag
Hepliaklqana
Kikubaaqudgha
Makhleb
Nemelex Xobeh
Okawaru
Qazlal
Ru
Sif Muna
Trog
Uskayaw
Vehumet
Wu Jian
Xom
Yredelemnul
Zin
The Shining One
Beogh

Shops:
D:4 [   D:9 [

Annotations:
D:6 3 runed translucent doors, Squonk's ghost, novice HaAs; spacedv's ghost, novice OpTm
Orc:1 Urug


Innate Abilities, Weirdness & Mutations

You reflexively headbutt those who attack you in melee.
You have a pair of horns on your head.


Message History

The meliai mumbles some strange prayers to its god against you.
Something smites you!
* * * LOW HITPOINT WARNING * * *
A centaur comes into view.
You block the meliai's attack. x2
The meliai mumbles some strange prayers to its god against you.
Something smites you!
* * * LOW HITPOINT WARNING * * *
Your chain mail prevents you from hitting the meliai.
Your headbutt misses the meliai.
The meliai is moderately wounded.
The meliai mumbles some strange prayers to its god against you.
Something smites you!
* * * LOW HITPOINT WARNING * * *
You block the meliai's attack. x2
You barely miss the meliai. Your headbutt misses the meliai.
The meliai is moderately wounded.
The meliai calls down the wrath of its god upon you.
Something smites you!
You die...

*** **,,,,,,...####...*,,***,,*
,* **,,,***......F#***>,**,,* ,**
***** ##c....#* **,,,,,* ,,**
##......#*** **,,*,* *,,*
#..cc##....****,,*,* **,*
###.Fcy#****.,,*,,,,,* *,####
#...#y## **,,,,**,,* **,,..#
###...#y# *,,,***,,* ,,**#.#
#...###@# *,,,***,,,
#.###.####..#....#*** **,,**,,,,
#......#...####....,*****<,,,,,,,
****#...)#######(##,,,,,,,,**,,,*
#...))...#*#.#*******,,,,,,,*
#####...####....%# *,****,,,
.#......# **##..# ******,* *,,,
.#....#.#** *###**,,,,,,* *,,,
....###...** ***,,,****** *,,,


You could see a centaur warrior, 3 meliai, a bullfrog and 3 centaurs.

Vanquished Creatures
  2 entropy weavers (D:12)
  A fire dragon (Volcano)
  A hydra (Lair:3)
  4 two-headed ogres
  A queen ant (D:12)
  3 unseen horrors
  A lindwurm (Volcano)
  A necromancer (IceCv)
  2 ugly things
  A cyclops (D:12)
  A black mamba (Lair:3)
  3 centaur zombies
  An ice statue (IceCv)
  A merfolk siren (Lair:3)
  2 gargoyles
  A molten gargoyle (Volcano)
  3 spiny frogs
  2 komodo dragons
  2 ice devils (D:12)
  10 freezing wraiths (IceCv)
  3 trolls
  A polar bear (Lair:3)
  3 meliai (D:13)
  A hippogriff (Lair:1)
  A vampire (D:10)
  A shadow (D:9)
  A wyvern (D:8)
  2 hogs (D:8)
  2 basilisks
  26 yaks
  4 hungry ghosts
  A human (D:8)
  2 steam dragons (Volcano)
  3 death yak simulacra (IceCv)
  Edmund (D:4)
  2 acid dragons
  17 soldier ants (D:12)
  5 water moccasins
  2 hell hounds (Volcano)
  6 porcupines
  A hornet zombie (D:10)
  2 orc warriors (D:9)
  2 sky beasts
  2 black bears
  7 ice beasts
  5 ogres
  4 centaurs
  3 necrophages (D:8)
  3 phantoms
  7 wolves
  5 crocodiles
  An elf zombie (D:8)
  2 big kobolds
  11 bullfrogs
  A gnoll sergeant (D:4)
  4 scorpions
  6 killer bees
  A vampire bat (D:5)
  16 wights
  4 howler monkeys
  12 crimson imps
  4 draconian simulacra (IceCv)
  3 human zombies (D:8)
  A bullfrog zombie (D:9)
  5 lava snakes (Volcano)
  2 quasits
  Crazy Yiuf (D:7)
  6 centaur skeletons
  6 hounds
  8 orc wizards
  2 orc priests (D:8)
  2 bullfrog skeletons (D:5)
  2 jellies
  Jessica (D:3)
  32 worker ants
  4 iguanas
  A spriggan simulacrum (IceCv)
  7 troll simulacra (IceCv)
  A wolf simulacrum (IceCv)
  2 centaur simulacra (IceCv)
  A mummy (D:8)
  2 worker ant zombies
  2 naga simulacra (IceCv)
  6 adders
  9 gnolls
  4 ogre simulacra (IceCv)
  5 shadow imps
  12 white imps (IceCv)
  An ooze (D:4)
  2 adder skeletons
  A worm (D:2)
  5 fire bats
  6 leopard geckos
  40 orcs
  2 spectral bats (D:5)
  3 ball pythons
  3 bat skeletons (D:5)
  A bat zombie (D:5)
  2 giant cockroaches
  8 goblins
  11 hobgoblins
  5 jackals
  8 quokkas
  A ball python skeleton (D:4)
  21 bats
  A bat simulacrum (D:5)
  8 frilled lizards
  12 kobolds
  2 leopard gecko skeletons (D:8)
  An orc zombie (D:8)
  5 rats
506 creatures vanquished.

Vanquished Creatures (others)
  A kobold (D:11)
  A withered plant (D:6)
2 creatures vanquished.

Grand Total: 508 creatures vanquished

Notes
Turn   | Place    | Note
-------+----------+-------------------------------------------
     0 | D:1      | Peloso the Minotaur Fighter began the quest for the Orb.
     0 | D:1      | Reached XP level 1. HP: 19/19 MP: 0/0
   246 | D:1      | Reached XP level 2. HP: 27/27 MP: 1/1
   436 | D:1      | Reached skill level 3 in Long Blades
   887 | D:2      | Found a burning altar of Makhleb.
   889 | D:2      | Found a shadowy altar of Dithmenos.
   971 | D:2      | Reached XP level 3. HP: 33/33 MP: 2/2
  1084 | D:2      | Noticed a scorpion
  1087 | D:2      | Killed a scorpion
  1087 | D:2      | Reached XP level 4. HP: 35/40 MP: 3/3
  1632 | D:2      | Found a shimmering blue altar of Sif Muna.
  1635 | D:2      | Found a white marble altar of Elyvilon.
  1637 | D:2      | Found a glowing silver altar of Zin.
  2229 | D:3      | Reached XP level 5. HP: 41/46 MP: 4/4
  2276 | D:3      | Noticed Jessica
  2283 | D:3      | Killed Jessica
  2283 | D:3      | Reached skill level 5 in Shields
  2765 | D:4      | Reached skill level 4 in Long Blades
  2826 | D:4      | Reached skill level 5 in Armour
  2835 | D:4      | Noticed Edmund
  2852 | D:4      | Reached XP level 6. HP: 53/53 MP: 5/5
  2859 | D:4      | Killed Edmund
  2859 | D:4      | Reached skill level 1 in Dodging
  2970 | D:4      | Reached skill level 5 in Long Blades
  3020 | D:4      | Found a blossoming altar of Fedhas.
  3056 | D:4      | Reached XP level 7. HP: 40/60 MP: 6/6
  3337 | D:4      | Found Paotykax's Antique Armour Boutique.
  3350 | D:4      | Reached skill level 5 in Fighting
  4748 | D:5      | Entered Level 5 of the Dungeon
  4983 | D:5      | Found a hide-covered altar of Uskayaw.
  5069 | D:5      | Reached skill level 6 in Long Blades
  5252 | D:5      | Reached XP level 8. HP: 70/70 MP: 7/7
  5452 | D:5      | Found a staircase to the Ecumenical Temple.
  5461 | Temple   | Entered the Ecumenical Temple
  5490 | Temple   | Became a worshipper of Warmaster Okawaru
  5626 | D:6      | Found a runed translucent gate.
  5639 | D:6      | Found a runed translucent gate.
  5654 | D:6      | Found a shadowy altar of Dithmenos.
  6266 | D:6      | Found a shattered altar of Ashenzari.
  6317 | D:6      | Reached skill level 7 in Long Blades
  6356 | D:6      | Reached * piety under Okawaru
  6447 | D:6      | You fall into a shaft and drop 3 floors!
  6503 | D:9      | Reached XP level 9. HP: 21/78 MP: 8/8
  6506 | D:9      | Reached ** piety under Okawaru
  6814 | D:7      | Reached skill level 8 in Long Blades
  6953 | D:7      | You fall into a shaft and drop 1 floor!
  7283 | D:8      | Noticed a two-headed ogre
  7293 | D:8      | Killed a two-headed ogre
  7293 | D:8      | Reached skill level 9 in Long Blades
  7872 | D:8      | Reached skill level 10 in Long Blades
  8089 | D:8      | Reached *** piety under Okawaru
  8093 | D:8      | Reached XP level 10. HP: 81/88 MP: 9/9
  8318 | D:8      | Found an ancient bone altar of Kikubaaqudgha.
  8323 | D:8      | Reached skill level 10 in Shields
  8495 | D:8      | Reached skill level 11 in Long Blades
  8861 | D:7      | Found a runed translucent door.
  8862 | D:7      | Noticed Crazy Yiuf
  9155 | D:7      | Found an ornate altar of the Wu Jian Council.
  9265 | D:7      | Found a stormy altar of Qazlal.
  9451 | D:7      | Killed Crazy Yiuf
  9632 | D:6      | Found a runed translucent gate.
  9632 | D:6      | Noticed spacedv's ghost (novice OpTm)
  9632 | D:6      | Noticed Squonk's ghost (novice HaAs)
  9918 | D:9      | Found Qyithel's Armour Boutique.
 10034 | D:9      | Reached **** piety under Okawaru
 10084 | D:9      | Found a staircase to the Orcish Mines.
 10858 | Orc:1    | Entered Level 1 of the Orcish Mines
 10858 | Orc:1    | Found a roughly hewn altar of Beogh.
 10858 | Orc:1    | Noticed Urug
 10858 | Orc:1    | Noticed an orc knight
 10862 | Orc:1    | Noticed an orc knight
 10924 | D:10     | Entered Level 10 of the Dungeon
 11049 | D:10     | Reached skill level 12 in Long Blades
 11275 | D:10     | Reached XP level 11. HP: 89/96 MP: 10/10
 11298 | D:10     | Reached ***** piety under Okawaru
 11549 | D:10     | Found a shimmering blue altar of Sif Muna.
 11652 | D:10     | Noticed an unseen horror
 11671 | D:10     | Killed an unseen horror
 11773 | D:10     | Found a staircase to the Lair.
 12062 | D:11     | Noticed a two-headed ogre
 12070 | D:11     | Killed a two-headed ogre
 12072 | D:11     | Noticed an unseen horror
 12075 | D:11     | Noticed a green ugly thing
 12091 | D:11     | Killed a green ugly thing
 12091 | D:11     | Received a gift from Okawaru
 12321 | D:11     | Noticed a purple ugly thing
 12347 | D:10     | Reached skill level 13 in Long Blades
 12472 | D:10     | Killed a purple ugly thing
 12508 | D:10     | Reached skill level 10 in Armour
 12793 | D:10     | Killed an unseen horror
 12979 | D:11     | Received a gift from Okawaru
 13046 | D:11     | Got a transparent triple sword {god gift}
 13047 | D:11     | Identified the +5 triple sword of Woyneam {speed, *Slow
                  | +Inv rPois rN++} (Okawaru gifted it to you on level 11 of
                  | the Dungeon)
 13419 | D:12     | Noticed a two-headed ogre
 13425 | D:12     | Killed a two-headed ogre
 13425 | D:12     | Reached skill level 10 in Fighting
 13425 | D:12     | Reached skill level 1 in Stealth
 13768 | D:12     | Found a frozen archway.
 13779 | D:12     | Reached XP level 12. HP: 92/106 MP: 11/11
 13787 | IceCv    | Entered an ice cave
 13848 | IceCv    | Reached skill level 14 in Long Blades
 14013 | IceCv    | Received a gift from Okawaru
 14858 | IceCv    | Found an ancient bone altar of Kikubaaqudgha.
 14875 | IceCv    | Reached skill level 1 in Invocations
 15517 | D:12     | Reached skill level 15 in Long Blades
 15689 | D:12     | Noticed an entropy weaver
 15691 | D:12     | Noticed a queen ant
 15710 | D:12     | Killed an entropy weaver
 15727 | D:12     | Killed a queen ant
 15738 | D:12     | Reached skill level 16 in Long Blades
 15766 | D:12     | Noticed an entropy weaver
 16226 | D:12     | Killed an entropy weaver
 16226 | D:12     | Received a gift from Okawaru
 16237 | D:12     | Reached XP level 13. HP: 114/117 MP: 10/12
 16805 | Lair:1   | Entered Level 1 of the Lair of Beasts
 18403 | Lair:2   | Reached skill level 17 in Long Blades
 18612 | Lair:3   | Found a dark tunnel.
 18629 | Volcano  | Entered a volcano
 19218 | Volcano  | Found a bloodstained altar of Trog.
 19384 | Volcano  | Noticed a fire dragon
 19393 | Volcano  | Killed a fire dragon
 19710 | Lair:3   | Reached skill level 1 in Evocations
 19802 | Lair:3   | Received a gift from Okawaru
 19829 | Lair:3   | Found a staircase to the Shoals.
 20144 | Lair:3   | Found a shimmering altar of Xom.
 20305 | Lair:3   | Found a staircase to the Snake Pit.
 21235 | D:13     | HP: 3/119 [meliai/divine providence (14)]
 21236 | D:13     | Killed from afar by a meliai

Illustrated notes

Levels and vault maps discovered:
D:1:      onia_arrival_mini_spirals, layout_basic
D:2:      layout_loops_ring, nicolae_overflow_hidden_temple, serial_park_tiny_2
D:3:      layout_loops_corners, first_ration,
          wander_ebering_terrifying_dragon_lair, uniq_jessica
D:4:      layout_cave_pools, serial_shops, shop, st_stairs_4,
          fedhas_bush_and_centaur_altar, uniq_edmund
D:5:      layout_cave_pools, nicolae_overflow_crystal_walls,
          lemuel_temple_firewalk_b, goddamned_bats
D:6:      layout_loops_ring, kennysheep_mini, basic_altar,
          gammafunk_ghost_cemetery
D:7:      layout_loops_ring, overflow_temple_1_default, marbit_many_paths,
          uniq_crazy_yiuf_cottage
D:8:      layout_layer_cave, lemuel_mausoleum_altar_kikubaaqudgha,
          grunt_livestock, fountainhead
D:9:      layout_cave_pools, david_orc_2, serial_shops, nicolae_shop_waterfront,
          kennysheep_generic_room_14
D:10:     layout_loops_corners, lair_entry_dummy, led_sif_book
D:11:     layout_rooms, kennysheep_generic_room_11
D:12:     layout_roguey, portal_ice_cave_demonic_guard, zaba_anthell
D:13:     layout_rooms, lightli_vaults_fourway_checkpoint,
          biasface_ghost_orc_armoury, gauntlet_entry_generic
Temple:   minmay_temple_bridge_abc
Lair:1:   layout_misc_corridors, chequers_serial_rivers_small_a
Lair:2:   layout_regular_city
Lair:3:   layout_regular_city, minmay_shoals_entry_lonely_mermaid,
          dummy_snake_entry, enter_volcano_1, basic_altar,
          hangedman_lair_unloving_vines
Orc:1:    layout_caves, serial_shops, nicolae_shop_competitors_out_of_business,
          basic_altar, mines4_lemuel, uniq_urug

Skill      XL: |  1  2  3  4  5  6  7  8  9 10 11 12 13 |
---------------+----------------------------------------+-----
Long Blades    | 3 4 5 6 7 10 12 13 16 17 | 17.5
Armour         | 4 5 6 7 8 9 10 11 12 | 12.2
Fighting       | 4 5 6 7 9 10 11 12 | 12.5
Shields        | 4 5 6 8 9 10 12 | 12.2
Dodging        | 1 2 |  2.7
Stealth        | 1 |  1.8
Invocations    | 1 |  1.6
Evocations     | 1 |  1.5
Maces & Flails | |  0.2

Action                   |  1- 3 |  4- 6 |  7- 9 | 10-12 | 13-15 || total
-------------------------+-------+-------+-------+-------+-------++-------
Melee: Long sword        |    56 |   143 |   371 |   585 |       ||  1155
       Headbutt          |     9 |    29 |    78 |   230 |    57 ||   403
       Triple sword      |       |       |       |   312 |   141 ||   453
       Scimitar          |       |       |       |       |    84 ||    84
       Demon whip        |       |       |       |       |     3 ||     3
Invok: Heroism           |       |       |     1 |    14 |     6 ||    21
 Abil: Evoke Invisibilit |       |       |       |       |     1 ||     1
Evoke: Wand              |       |       |       |     4 |     1 ||     5
  Use: Potion            |       |       |     4 |     4 |       ||     8
       Scroll            |       |       |       |    10 |     5 ||    15
 Stab: Distracted        |       |     1 |       |       |       ||     1
  Eat: Chunk             |     1 |     6 |    17 |    25 |    15 ||    64
       Ration            |       |       |       |     2 |     1 ||     3
Armor: Scale mail        |     4 |       |       |       |       ||     4
       Chain mail        |    34 |    90 |   144 |       |    59 ||   327
       Plate armour      |       |       |   107 |   429 |    86 ||   622
Dodge: Dodged            |    23 |    37 |   155 |   369 |   118 ||   702
Block: Kite shield       |    35 |    98 |   294 |   395 |    25 ||   847
       Rpst.: Long sword |     4 |    11 |    45 |    38 |       ||    98
       Triple sword      |       |       |       |    41 |    16 ||    57
       Scimitar          |       |       |       |       |     7 ||     7
